 Seeded DCSS version 0.29.0-11-gd7f09526c8 (webtiles) character file.

Game seed: 3121381558354691732 (custom seed)

504 purpskrrrp the Protected (level 7, -7/51 HPs)
             Began as a Barachi Hunter on Sept 7, 2022.
             Killed by divine providence
             ... invoked by an orc priest
              (13 damage)
             ... on level 4 of the Dungeon.
             The game lasted 00:04:10 (2328 turns).

purpskrrrp the Protected (Barachi Hunter)           Turns: 2328, Time: 00:04:10

Health: -7/51      AC: 32    Str: 23    XL:     7   Next: 17%
Magic:  7/7        EV:  5    Int: 10    God:
Gold:   1451       SH:  0    Dex: 15    Spells: 6/6 levels left

rFire   . . .      SeeInvis +   g - +7 short sword (vamp)
rCold   . . .      Faith    .   (no shield)
rNeg    . . .      Spirit   .   i - +13 crystal plate armour of Disappointment {Will+ Str+3 SInv}
rPois   .          Reflect  .   (no helmet)
rElec   .          Harm     .   (no cloak)
rCorr   .          Rampage  .   (no gloves)
Will    +....                   (no boots)
Stlth   ..........              (no amulet)
HPRegen 0.17/turn               f - +6 ring of strength
MPRegen 0.10/turn               (no ring)

@: slow
A: amphibious, slowness 1, strong legs 1, +LOS
a: Hop


You were on level 4 of the Dungeon.
You visited 1 branch of the dungeon, and saw 4 of its levels.

You collected 1451 gold pieces.

Inventory:

Hand Weapons
 a - a +0 shortbow
 g - a +7 vampiric short sword (weapon)
Missiles
 e - 4 throwing nets
Armour
 c - a +0 leather armour
 i - the +13 crystal plate armour of Disappointment (worn) {Will+ Str+3 SInv}
   (You acquired it on level 1 of the Dungeon)

   Str:       It affects your strength (+3).
   SInv:      It lets you see invisible.
   Will:      It increases your willpower.
Jewellery
 f - a +6 ring of strength (left hand)
 n - an amulet of reflection
 r - a ring of see invisible
 s - a ring of positive energy
Scrolls
 b - a scroll of immolation
 d - 4 scrolls of identify {unknown}
 h - 4 scrolls of amnesia {unknown}
 k - 2 scrolls of enchant weapon {unknown}
 l - 2 scrolls of magic mapping {unknown}
 o - 3 scrolls of teleportation {unknown}
 p - a scroll of poison {unknown}
 t - a scroll of fear {unknown}
 y - 3 scrolls of noise {unknown}
 B - a scroll of vulnerability {unknown}
Potions
 j - a potion of magic {unknown}
 m - a potion of heal wounds {unknown}
 q - a potion of invisibility {unknown}
 u - a potion of attraction {unknown}
 v - a potion of cancellation {unknown}
 w - a potion of flight {unknown}
 x - a potion of brilliance {unknown}
 z - a potion of curing {unknown}
 A - a potion of ambrosia {unknown}


   Skills:
 - Level 2.8 Fighting
 - Level 4.1 Ranged Weapons
 + Level 8.2 Armour
 - Level 2.5 Dodging
 - Level 1.3 Stealth


You had 6 spell levels left.
You didn't know any spells.
Your spell library contained the following spells:

 Spells                   Type           Power      Damage    Failure   Level
 Sting                    Tmut/Pois      0%         1d3       100%        1
 Sublimation of Blood     Necr           0%         N/A       100%        2
 Petrify                  Tmut/Erth      0%         N/A       100%        4
 Irradiate                Conj/Tmut      0%         3d11      100%        5


Dungeon Overview and Level Annotations

Branches:
Dungeon (4/15)
 Temple: D:4-7

Altars:
Okawaru
Trog

Shops:
D:3 *


Innate Abilities, Weirdness & Mutations

You are amphibious.
You cover ground slowly.
You can hop short distances.
You have an extended range of vision and can be seen from far away.


Message History

The orc wizard is heavily wounded.
The orc wizard hits you but does no damage. x2
You barely miss the orc wizard.
The orc wizard is heavily wounded.
The orc wizard hits you but does no damage.
You hit the orc wizard.
You feel better.
The orc wizard is severely wounded.
The orc wizard hits you but does no damage.
You hit the orc wizard.
You feel better.
The orc wizard is almost dead.
The orc wizard hits you but does no damage.
You hit the orc wizard.
You feel better.
You kill the orc wizard!
Your Armour skill increases to level 8!
You puncture the orc priest!
The orc priest is heavily wounded.
The orc priest hits you but does no damage.
You hit the orc priest.
The orc priest is severely wounded.
The orc priest hits you but does no damage.
You hit the orc priest.
You feel better.
The orc priest is almost dead.
The orc priest hits you but does no damage.
You puncture the orc priest!
You kill the orc priest!
You hit the orc priest but do no damage.
The orc priest barely misses you.
You hit the orc priest but do no damage.
The orc priest calls down the wrath of Beogh upon you.
Beogh smites you!
* * * LOW HITPOINT WARNING * * *
The orc priest barely misses you.
You hit the orc priest.
You feel better.
The orc priest is lightly wounded.
The orc priest hits you but does no damage.
You hit the orc priest.
The orc priest is heavily wounded.
The orc priest mumbles some strange prayers to Beogh against you.
Beogh smites you!
You die...

####.#######.#
.....#.....#.#
######.##.##.#
#.##....####
#..........#
########.########
#................
#.######.#####.##
#####.##.......@ooB.#
#...#.########.###..#
#...#.# ...# #
#.....# #####
##...### .....#
.....# .....# ###..#


You could see an orc priest, an orc and a giant cockroach.

Vanquished Creatures
  Sigmund (D:4)
  2 ogres
  An orc priest (D:4)
  An orc wizard (D:4)
  A gnoll (D:4)
  3 adders (D:2)
  4 worms
  A dart slug (D:3)
  3 orcs
  7 bats
  6 endoplasms
  A giant cockroach (D:3)
  7 goblins
  7 hobgoblins
  10 jackals
  3 kobolds (D:4)
  A quokka (D:4)
  3 ball pythons
  3 frilled lizards
  5 rats
70 creatures vanquished.

Notes
Turn   | Place    | Note
-------+----------+-------------------------------------------
     0 | D:1      | purpskrrrp the Barachi Hunter began the quest for the Orb.
     0 | D:1      | Reached XP level 1. HP: 17/17 MP: 1/1
    83 | D:1      | Found a faded altar of an unknown god.
    93 | D:1      | Got Plato's Secrets of Vitiation
   308 | D:1      | Reached skill level 1 in Stealth
   308 | D:1      | Identified 3 scrolls of acquirement
   308 | D:1      | Acquired 1198 gold pieces
   309 | D:1      | Acquired a +7 vampiric short sword
   310 | D:1      | Acquired the +13 crystal plate armour of Disappointment
                  | {Will+ Str+3 SInv}
   358 | D:1      | Reached XP level 2. HP: 23/23 MP: 2/2
   587 | D:2      | Reached skill level 1 in Armour
   599 | D:2      | Reached XP level 3. HP: 28/28 MP: 3/3
   701 | D:2      | Reached skill level 2 in Armour
   876 | D:2      | Found a bloodstained altar of Trog.
  1001 | D:2      | Reached skill level 3 in Armour
  1003 | D:2      | Reached XP level 4. HP: 34/34 MP: 4/4
  1422 | D:3      | Noticed an ogre
  1432 | D:3      | Killed an ogre
  1433 | D:3      | Reached skill level 5 in Armour
  1433 | D:3      | Reached XP level 5. HP: 30/40 MP: 5/5
  1542 | D:3      | Found Isonomam's Assorted Antiques.
  1869 | D:4      | Noticed Sigmund
  1883 | D:4      | Killed Sigmund
  1884 | D:4      | Reached skill level 7 in Armour
  1884 | D:4      | Reached XP level 6. HP: 46/46 MP: 6/6
  2223 | D:4      | Found an iron altar of Okawaru.
  2229 | D:4      | Reached XP level 7. HP: 51/51 MP: 7/7
  2311 | D:4      | HP: 1/51 [orc priest/divine providence (16)]
  2321 | D:4      | Reached skill level 8 in Armour
  2328 | D:4      | Killed from afar by an orc priest

Illustrated notes

Levels and vault maps discovered:
D:1:      minmay_arrival_glassed_features, layout_loops_ring,
          shapermc_ecumenical_altar_rom_forum, nicolae_kite_square_tiling_tiny
D:2:      layout_basic, basic_altar
D:3:      layout_rooms, serial_shops, nicolae_shop_hallway_stairs
D:4:      layout_basic, okawaru_altar_gauntlet_db, dreamdust_gnoll_farm,
          uniq_sigmund, uniq_robin

Skill      XL: |  1  2  3  4  5  6  7 |
---------------+----------------------+-----
Stealth        | 1 |  1.3
Armour         | 1 3 5 7 8 |  8.2
Fighting       | |  2.8
Ranged Weapons | |  4.1
Dodging        | |  2.5

Action                   |  1- 3 |  4- 6 |  7- 9 || total
-------------------------+-------+-------+-------++-------
Melee: Short sword       |    73 |    89 |    37 ||   199
       Punch             |       |       |     2 ||     2
 Fire: Shortbow          |     2 |       |       ||     2
  Use: Scroll            |     3 |       |       ||     3
Armor: Crystal plate arm |    76 |    80 |    31 ||   187
Dodge: Dodged            |    18 |    25 |     3 ||    46
